PBL
MIAMI BEACH MARLINS @ CALGARY FLAMES
09/12/2049
 
TOP OF THE 1ST
Miami Beach Marlins batting - Pitching for Calgary Flames : RHP Vicente Garcia
Pitching: RHP Vicente Garcia
Batting: RHB Bill Atley 0-0: Ball
1-0: Ball
2-0: Ground out 4-3 (Groundball, 4, EV 96.9 MPH)
Batting: LHB Henry Huezo 0-0: Foul Ball, location: 2F
0-1: Ball
1-1: Called Strike
1-2: Strikes out swinging
Batting: RHB Melvin Nava 0-0: Called Strike
0-1: Ball
1-1: Ball
2-1: Foul Ball, location: 2F
2-2: DOUBLE (Line Drive, 78XD, EV 105.0 MPH)
Batting: SHB Emmet Brickowski 0-0: Ball
1-0: Foul Ball, location: 2F
1-1: SINGLE (Line Drive, 3D, EV 97.5 MPH)
Melvin Nava to third
Batting: RHB Jim Smallwood 0-0: Foul Ball, location: 2F
0-1: Ball
1-1: Swinging Strike
1-2: Foul Ball, location: 2F
1-2: Strikes out swinging
Top of the 1st over - 0 runs, 2 hits, 0 errors, 2 left on base; Miami Beach 0 - Calgary 0
BOTTOM OF THE 1ST
Calgary Flames batting - Pitching for Miami Beach Marlins : RHP Eric Simons
Pitching: RHP Eric Simons
Batting: RHB Jim Harkness 0-0: Swinging Strike
0-1: Called Strike
0-2: Ball
1-2: Foul Ball, location: 2F
1-2: Strikes out swinging
Batting: RHB Andre Thompson 0-0: Called Strike
0-1: Fly out, F9 (Flyball, 9, EV 76.9 MPH)
Batting: SHB Steve Wipf 0-0: Called Strike
0-1: Ball
1-1: SINGLE (Line Drive, 78S, EV 111.9 MPH)
Batting: SHB Shawnie Codbucket 0-0: Ground out U3 (Groundball, 3, EV 101.9 MPH)
Bottom of the 1st over - 0 runs, 1 hit, 0 errors, 1 left on base; Miami Beach 0 - Calgary 0
TOP OF THE 2ND
Miami Beach Marlins batting - Pitching for Calgary Flames : RHP Vicente Garcia
Batting: RHB Mario Cota 0-0: Ball
1-0: Ball
2-0: Called Strike
2-1: Called Strike
2-2: Ground out U3 (Groundball, 3, EV 91.2 MPH)
Batting: RHB Timo Myers 0-0: Called Strike
0-1: Fly out, F5 (Popup, 25F, EV 93.8 MPH)
Batting: RHB Dustin Baker 0-0: Called Strike
0-1: Foul Ball, location: 2F
0-2: Strikes out swinging
Top of the 2nd over - 0 runs, 0 hits, 0 errors, 0 left on base; Miami Beach 0 - Calgary 0
BOTTOM OF THE 2ND
Calgary Flames batting - Pitching for Miami Beach Marlins : RHP Eric Simons
Batting: RHB Juan Mercado 0-0: Ball
1-0: Called Strike
1-1: Ball
2-1: Ground out U3 (Groundball, 34S, EV 85.6 MPH)
Batting: SHB Yu-hsui Lew 0-0: Ball
1-0: Called Strike
1-1: Called Strike
1-2: Ball
2-2: Fly out, F9 (Line Drive, 89M, EV 92.5 MPH)
Batting: RHB Juan Maravilla 0-0: Called Strike
0-1: Ball
1-1: Ball
2-1: Ground out 6-3 (Groundball, 6, EV 89.4 MPH)
Bottom of the 2nd over - 0 runs, 0 hits, 0 errors, 0 left on base; Miami Beach 0 - Calgary 0
TOP OF THE 3RD
Miami Beach Marlins batting - Pitching for Calgary Flames : RHP Vicente Garcia
Batting: RHB Mike Day 0-0: Ball
1-0: Called Strike
1-1: Ball
2-1: Foul Ball, location: 2F
2-2: Strikes out swinging, 2-3 out at first.
Batting: RHB Bill Atley 0-0: Ball
1-0: Called Strike
1-1: Foul Ball, location: 2F
1-2: Ball
2-2: Foul Ball, location: 2F
2-2: Foul Ball, location: 2F
2-2: Strikes out swinging
Batting: LHB Henry Huezo 0-0: Ball
1-0: Foul Ball, location: 2F
1-1: Ball
2-1: Swinging Strike
2-2: Strikes out swinging
Top of the 3rd over - 0 runs, 0 hits, 0 errors, 0 left on base; Miami Beach 0 - Calgary 0
BOTTOM OF THE 3RD
Calgary Flames batting - Pitching for Miami Beach Marlins : RHP Eric Simons
Batting: LHB Greg Robertson 0-0: Swinging Strike
0-1: Ball
1-1: Swinging Strike
1-2: Strikes out swinging
Batting: RHB Chad Stady 0-0: Called Strike
0-1: Ground out 6-3 (Groundball, 6, EV 80.6 MPH)
Batting: RHB Jim Harkness 0-0: Ball
1-0: SINGLE (Line Drive, 4MD, EV 108.1 MPH)
Batting: RHB Andre Thompson 0-0: Called Strike
0-1: Ball
1-1: Ball
2-1: Foul Ball, location: 2F
2-2: Ground out 4-3 (Groundball, 4, EV 83.1 MPH)
Bottom of the 3rd over - 0 runs, 1 hit, 0 errors, 1 left on base; Miami Beach 0 - Calgary 0
TOP OF THE 4TH
Miami Beach Marlins batting - Pitching for Calgary Flames : RHP Vicente Garcia
Batting: RHB Melvin Nava 0-0: DOUBLE (Flyball, 78XD, EV 103.8 MPH)
Batting: SHB Emmet Brickowski 0-0: Ball
1-0: Ball
2-0: Ground out 2-3 (Groundball, 2L, EV 70.6 MPH)
Melvin Nava to third
Batting: RHB Jim Smallwood 0-0: Ball
1-0: Called Strike
1-1: 2-RUN HOME RUN (Flyball, 7D, EV 103.8 MPH), Distance : 399 ft
Batting: RHB Mario Cota 0-0: Ball
1-0: Fly out, F8 (Line Drive, 8RM, EV 89.4 MPH)
Batting: RHB Timo Myers 0-0: Ball
1-0: Fly out, F8 (Flyball, 8RD, EV 88.1 MPH)
Top of the 4th over - 2 runs, 2 hits, 0 errors, 0 left on base; Miami Beach 2 - Calgary 0
BOTTOM OF THE 4TH
Calgary Flames batting - Pitching for Miami Beach Marlins : RHP Eric Simons
Batting: SHB Steve Wipf 0-0: Ball
1-0: Fly out, F7 (Flyball, 78M, EV 75.0 MPH)
Batting: SHB Shawnie Codbucket 0-0: Swinging Strike
0-1: Ball
1-1: Foul Ball, location: 2F
1-2: Ball
2-2: Foul Ball, location: 2F
2-2: Foul Ball, location: 2F
2-2: Strikes out swinging
Batting: RHB Juan Mercado 0-0: Ball
1-0: Swinging Strike
1-1: Called Strike
1-2: Strikes out swinging
Bottom of the 4th over - 0 runs, 0 hits, 0 errors, 0 left on base; Miami Beach 2 - Calgary 0
TOP OF THE 5TH
Miami Beach Marlins batting - Pitching for Calgary Flames : RHP Vicente Garcia
Batting: RHB Dustin Baker 0-0: SINGLE (Popup, 5S, EV 81.9 MPH)
Batting: RHB Mike Day 0-0: 2-RUN HOME RUN (Line Drive, 7LD, EV 98.1 MPH), Distance : 393 ft
Batting: RHB Bill Atley 0-0: SINGLE (Line Drive, 4D, EV 108.1 MPH)
Batting: LHB Henry Huezo 0-0: Called Strike
0-1: Called Strike
0-2: Ball
1-2: Foul Ball, location: 2F
1-2: Foul Ball, location: 2F
1-2: Strikes out swinging
Batting: RHB Melvin Nava 0-0: Ball
Bill Atley steals 2nd base
1-0: Foul Ball, location: 2F
1-1: Ball
2-1: Foul Ball, location: 2F
2-2: Ground out 4-3 (Groundball, 34, EV 92.5 MPH)
Bill Atley to third
Batting: SHB Emmet Brickowski 0-0: Fly out, F2 (Popup, 5SF, EV 87.5 MPH)
Top of the 5th over - 2 runs, 3 hits, 0 errors, 1 left on base; Miami Beach 4 - Calgary 0
BOTTOM OF THE 5TH
Calgary Flames batting - Pitching for Miami Beach Marlins : RHP Eric Simons
Batting: SHB Yu-hsui Lew 0-0: Swinging Strike
0-1: Ball
1-1: Swinging Strike
1-2: Strikes out swinging
Batting: RHB Juan Maravilla 0-0: Fly out, F8 (Flyball, 78D, EV 98.8 MPH)
Batting: LHB Greg Robertson 0-0: Ball
1-0: Called Strike
1-1: Ground out 6-3 (Groundball, 6, EV 86.9 MPH)
Bottom of the 5th over - 0 runs, 0 hits, 0 errors, 0 left on base; Miami Beach 4 - Calgary 0
TOP OF THE 6TH
Miami Beach Marlins batting - Pitching for Calgary Flames : RHP Vicente Garcia
Batting: RHB Jim Smallwood 0-0: Ball
1-0: Ball
2-0: Called Strike
2-1: Foul Ball, location: 2F
2-2: Ball
3-2: Strikes out swinging
Pitching: RHP Dennis Seebacher
Batting: RHB Mario Cota 0-0: Called Strike
0-1: Ball
1-1: Foul Ball, location: 2F
1-2: Ball
2-2: SINGLE (Groundball, 4MD, EV 103.1 MPH)
Batting: RHB Timo Myers 0-0: Ball
1-0: Foul Ball, location: 2F
1-1: Foul Ball, location: 2F
1-2: Strikes out looking
Batting: RHB Dustin Baker 0-0: Called Strike
0-1: Foul Ball, location: 2F
0-2: Strikes out looking
Top of the 6th over - 0 runs, 1 hit, 0 errors, 1 left on base; Miami Beach 4 - Calgary 0
BOTTOM OF THE 6TH
Calgary Flames batting - Pitching for Miami Beach Marlins : RHP Eric Simons
Batting: RHB Chad Stady 0-0: Swinging Strike
0-1: Called Strike
0-2: Ball
1-2: Foul Ball, location: 2F
1-2: Ball
2-2: SINGLE (Groundball, 56D, EV 95.6 MPH)
Batting: RHB Jim Harkness 0-0: Ball
1-0: Ball
2-0: Foul Ball, location: 2F
2-1: Ball
3-1: Base on Balls
Chad Stady to second
Batting: RHB Andre Thompson 0-0: Ball
1-0: Ball
2-0: Foul Ball, location: 2F
2-1: Called Strike
2-2: Strikes out swinging
Batting: SHB Steve Wipf 0-0: Ball
1-0: Ball
2-0: Called Strike
2-1: Foul Ball, location: 2F
2-2: Fly out, F2 (Popup, 15S, EV 81.9 MPH)
Pitching: RHP Conrad Chasar
Batting: SHB Shawnie Codbucket 0-0: Ball
1-0: Foul Ball, location: 2F
1-1: Foul Ball, location: 2F
1-2: SINGLE (Groundball, 4MD, EV 99.4 MPH)
Chad Stady to third
Jim Harkness to second
Runner from 3rd tries for Home, throw by CF and OUT! 8-2
Bottom of the 6th over - 0 runs, 2 hits, 0 errors, 2 left on base; Miami Beach 4 - Calgary 0
TOP OF THE 7TH
Miami Beach Marlins batting - Pitching for Calgary Flames : RHP Dennis Seebacher
Batting: RHB Mike Day 0-0: Fly out, F9 (Flyball, 89M, EV 74.4 MPH)
Batting: RHB Bill Atley 0-0: Called Strike
0-1: Ball
1-1: Ball
2-1: Swinging Strike
2-2: Ball
3-2: Strikes out swinging
Batting: LHB Henry Huezo 0-0: Ball
1-0: Ball
2-0: Foul Ball, location: 2F
2-1: Called Strike
2-2: Ground out 6-3 (Groundball, 6, EV 86.2 MPH)
Top of the 7th over - 0 runs, 0 hits, 0 errors, 0 left on base; Miami Beach 4 - Calgary 0
BOTTOM OF THE 7TH
Calgary Flames batting - Pitching for Miami Beach Marlins : RHP Conrad Chasar
Batting: RHB Juan Mercado 0-0: Swinging Strike
0-1: Foul Ball, location: 2F
0-2: Ball
1-2: Ball
2-2: Strikes out swinging
Batting: SHB Yu-hsui Lew 0-0: DOUBLE (Groundball, 3L, EV 93.8 MPH)
Pinch Hitting: LHB Bruce Daley 0-0: Ball
1-0: Foul Ball, location: 2F
1-1: SINGLE (Groundball, 4M, EV 98.1 MPH)
Yu-hsui Lew to third
Runner from 3rd tries for Home, throw by CF and OUT! 8-2
Bruce Daley to second
Batting: LHB Greg Robertson 0-0: Ground out 4-3 (Groundball, 4, EV 100.0 MPH)
Bottom of the 7th over - 0 runs, 2 hits, 0 errors, 1 left on base; Miami Beach 4 - Calgary 0
TOP OF THE 8TH
Miami Beach Marlins batting - Pitching for Calgary Flames : RHP Dennis Seebacher
Pitching: RHP Jake Costanzo
Now at 3B: Alejandro Patron
Batting: RHB Melvin Nava 0-0: Ball
1-0: Ball
2-0: Ball
3-0: Base on Balls
Batting: SHB Emmet Brickowski 0-0: Swinging Strike
0-1: Ball
1-1: SINGLE (Line Drive, 5D, EV 100.6 MPH)
Melvin Nava to second
Batting: RHB Jim Smallwood 0-0: Foul Ball, location: 2F
0-1: Ball
1-1: Foul Ball, location: 2F
1-2: Strikes out swinging
Batting: RHB Mario Cota 0-0: Foul Ball, location: 2F
0-1: Ball
1-1: Ball
2-1: Called Strike
2-2: Foul Ball, location: 2F
2-2: Fielders Choice at 2nd, 1-6 (Groundball, 13, EV 72.5 MPH)
Melvin Nava to third
Pitching: RHP John Smyth
Pinch Hitting: SHB Brent King 0-0: Swinging Strike
0-1: Ball
1-1: Ball
2-1: Fly out, F4 (Line Drive, 4, EV 71.2 MPH)
Top of the 8th over - 0 runs, 1 hit, 0 errors, 2 left on base; Miami Beach 4 - Calgary 0
BOTTOM OF THE 8TH
Calgary Flames batting - Pitching for Miami Beach Marlins : RHP Conrad Chasar
Now at 3B: Chris Harlow
Batting: LHB Li-zhu Song 0-0: Called Strike
0-1: Ground out 4-3 (Groundball, 4, EV 82.5 MPH)
Pinch Hitting: RHB Tyler Johnson 0-0: Called Strike
0-1: Ball
1-1: Ball
2-1: Ball
3-1: Base on Balls
Batting: RHB Andre Thompson 0-0: Ball
1-0: Foul Ball, location: 2F
1-1: Called Strike
1-2: DOUBLE (Line Drive, 7LM, EV 108.1 MPH)
Tyler Johnson to third
Runner from 3rd tries for Home, SAFE, throw by LF to trailing runner, OUT at third! 7-3-5
Batting: SHB Steve Wipf 0-0: Called Strike
0-1: Called Strike
0-2: Foul Ball, location: 2F
0-2: Ball
1-2: Foul Ball, location: 2F
1-2: DOUBLE (Line Drive, 7LM, EV 110.6 MPH)
Batting: SHB Shawnie Codbucket 0-0: Foul Ball, location: 2F
0-1: SINGLE (Flyball, 3D, EV 96.2 MPH)
Steve Wipf to third
Batting: RHB Juan Mercado 0-0: Ball
1-0: Foul Ball, location: 2F
1-1: Swinging Strike
1-2: Foul Ball, location: 2F
1-2: Ball
2-2: Ball
3-2: Foul Ball, location: 2F
3-2: Base on Balls
Shawnie Codbucket to second
Pitching: RHP Franklin Vazquez
Batting: SHB Yu-hsui Lew 0-0: Foul Ball, location: 2F
0-1: Foul Ball, location: 2F
0-2: Ball
1-2: Ball
2-2: Strikes out swinging
Bottom of the 8th over - 1 run, 3 hits, 0 errors, 3 left on base; Miami Beach 4 - Calgary 1
TOP OF THE 9TH
Miami Beach Marlins batting - Pitching for Calgary Flames : RHP John Smyth
Now at SS: Tyler Johnson
Batting: LHB Jeff Hager 0-0: Called Strike
0-1: Ball
1-1: Foul Ball, location: 2F
1-2: Ball
2-2: Strikes out swinging
Batting: RHB Mike Day 0-0: Ground out 4-3 (Groundball, 34, EV 98.8 MPH)
Batting: RHB Bill Atley 0-0: Foul Ball, location: 2F
0-1: Ball
1-1: Ground out 2-3 (Groundball, 2L, EV 66.2 MPH)
Top of the 9th over - 0 runs, 0 hits, 0 errors, 0 left on base; Miami Beach 4 - Calgary 1
BOTTOM OF THE 9TH
Calgary Flames batting - Pitching for Miami Beach Marlins : RHP Franklin Vazquez
Pitching: LHP Doug Whitling
Batting: RHB Alejandro Patron 0-0: Foul Ball, location: 2F
0-1: Ball
1-1: Called Strike
1-2: Ball
2-2: Ball
3-2: Ground out 4-3 (Groundball, 4S, EV 78.8 MPH)
Pinch Hitting: RHB Willie Torres 0-0: Ball
1-0: Ball
2-0: Called Strike
2-1: Swinging Strike
2-2: Ball
3-2: Strikes out swinging
Batting: LHB Li-zhu Song 0-0: Ball
1-0: Fly out, F8 (Flyball, 8LD, EV 106.2 MPH)
Bottom of the 9th over - 0 runs, 0 hits, 0 errors, 0 left on base; Miami Beach 4 - Calgary 1
Sunday, July 16th , 2023 - OOTP Baseball 24.6 Build 69